 Dungeon Crawl Stone Soup version 0.20-a0-957-g47ad1fd (webtiles) character file.

140 Firecrotchwizard the Vandal (level 5, -4/35 HPs)
             Began as a Halfling Hunter on Apr 6, 2017.
             Slain by a sky beast (5 damage)
             ... on level 3 of the Dungeon.
             The game lasted 00:06:14 (2640 turns).

Firecrotchwizard the Vandal (Halfling Hunter)       Turns: 2640, Time: 00:06:15

Health: -4/35      AC:  3    Str: 13    XL:     5   Next: 47%
Magic:  5/5        EV: 16    Int:  9    God:
Gold:   132        SH:  0    Dex: 16    Spells: 4/4 levels left

rFire    . . .     SeeInvis .   u - +4 quarterstaff (chaos)
rCold    . . .     Gourm    .   (shield currently unavailable)
rNeg     . . .     Faith    .   c - +0 leather armour
rPois    .         Spirit   .   (no helmet)
rElec    .         Reflect  .   (no cloak)
rCorr    .         Harm     .   (no gloves)
MR       .....                  (no boots)
Stlth    ++........             (no amulet)
Regen    0.2/turn               (no ring)
MPRegen  0.1/turn               (no ring)

@: no status effects
A: mutation resistance 1
a: no special abilities


You were on level 3 of the Dungeon.
You were not hungry.

You visited 1 branch of the dungeon, and saw 3 of its levels.

You collected 132 gold pieces.

Inventory:

Hand Weapons
 a - a +1 hunting sling
 b - a +0 short sword
 r - a +2 short sword of venom
 u - a +4 quarterstaff of chaos (weapon)
Missiles
 d - 17 sling bullets
 i - 63 stones (quivered)
Armour
 c - a +0 leather armour (worn)
 h - a +0 plate armour
 p - a +0 chain mail
 t - a +0 cloak
Jewellery
 l - an uncursed amulet of harm {unknown}
Scrolls
 g - 4 scrolls of identify {unknown}
 n - a scroll of remove curse {unknown}
 o - a scroll of teleportation {unknown}
 q - a scroll of amnesia {unknown}
Potions
 e - a potion of haste {unknown}
 k - a potion of mutation {unknown}
 m - a potion of flight {unknown}
Comestibles
 f - 2 bread rations
 j - 4 royal jellies
 s - 4 chunks of flesh


   Skills:
 + Level 2.5 Fighting
 * Level 7.3 Slings
 + Level 1.8 Armour
 + Level 3.4 Dodging
 - Level 1.1 Stealth


You had 4 spell levels left.
You didn't know any spells.

Dungeon Overview and Level Annotations

Branches:
Dungeon (3/15)

Altars:


Innate Abilities, Weirdness & Mutations

You are small and have problems with some larger weapons.
You are somewhat resistant to further mutation.


Message History

An orc comes into view. It is wielding a whip.
The orc shouts!
The orc priest shouts!
The orc shouts!
You sock the orc!
You kill the orc!
The orc priest looks braver for a moment.
You closely miss something. Something hits you but does no damage.
You closely miss something. Something hits you. Something shocks you.
Something hits you but does no damage.
You completely miss something. Something hits you. Something shocks you.
You closely miss something. Something hits you but does no damage.
You closely miss something. Something hits you. Something shocks you.
Something barely misses you.
You thump something! You burn something. Something hits you.
* * * LOW HITPOINT WARNING * * *
Something shocks you.
* * * LOW HITPOINT WARNING * * *
You closely miss something. Something hits you.
* * * LOW HITPOINT WARNING * * *
Something shocks you.
You die...

#...#......#
#.......##### #
#..##.#<....#
#.#.....#.#.###
#.#.#####.#...
#.........# ###
###.######. #.#
.. #@# ... #{#
.... #o# .....
#o# ...... #.#
#.# #.# #.#


You could see an orc priest and an orc.

Vanquished Creatures
  Crazy Yiuf (D:2)
  5 adders (D:2)
  An ooze (D:1)
  2 worms (D:2)
  2 dart slugs (D:2)
  2 leopard geckos (D:1)
  An orc (D:3)
  2 giant cockroaches
  2 hobgoblins
  6 jackals (D:2)
  A quokka (D:2)
  A ball python (D:1)
  8 bats
  4 frilled lizards
  6 goblins
  8 kobolds
  2 rats (D:2)
54 creatures vanquished.

Notes
Turn   | Place    | Note
-------+----------+-------------------------------------------
     0 | D:1      | Firecrotchwizard the Halfling Hunter began the quest for the Orb.
     0 | D:1      | Reached XP level 1. HP: 14/14 MP: 1/1
    83 | D:1      | Reached skill level 6 in Slings
    83 | D:1      | Reached XP level 2. HP: 9/19 MP: 2/2
   636 | D:1      | Reached XP level 3. HP: 14/24 MP: 3/3
  1302 | D:2      | Reached XP level 4. HP: 19/29 MP: 4/4
  1468 | D:2      | Reached skill level 1 in Armour
  2102 | D:2      | Reached skill level 7 in Slings
  2278 | D:2      | Reached XP level 5. HP: 30/35 MP: 5/5
  2381 | D:2      | Found a runed door.
  2570 | D:2      | Noticed Crazy Yiuf
  2576 | D:2      | Killed Crazy Yiuf
  2628 | D:3      | Noticed a sky beast
  2640 | D:3      | HP: 1/35 [something (3)]
  2640 | D:3      | Slain by a sky beast

Vault maps used:
D:1:      minmay_arrival_cross
D:2:      nicolae_overflow_hidden_temple, uniq_crazy_yiuf_cottage

Skill      XL: |  1  2  3  4 |
---------------+-------------+-----
Slings         | 6 7 |  7.3
Fighting       | 2 |  2.5
Dodging        | 3 |  3.4
Armour         | 1 |  1.8
Stealth        | |  1.1

Action                   |  1- 3 |  4- 6 || total
-------------------------+-------+-------++-------
Melee: Short sword       |   120 |    80 ||   200
       Quarterstaff      |       |     8 ||     8
 Fire: Hunting sling     |    11 |    14 ||    25
 Stab: Sleeping          |     3 |       ||     3
  Eat: Chunk             |     1 |     5 ||     6
Armor: Leather armour    |    26 |    16 ||    42
Dodge: Dodged            |   116 |    77 ||   193
